[Event "World Team-ch Women 2019"]
[Site "Astana"]
[Date "2019.03.07"]
[Round "3.1"]
[White "Kosteniuk, Alexandra"]
[Black "Wafa, Shahenda"]
[Result "1-0"]
[ECO "B22"]
[WhiteElo "2545"]
[BlackElo "2175"]
[Annotator "RC"]
[PlyCount "45"]
[EventDate "2019.02.05"]
[EventType "team-tourn"]
[EventCountry "KAZ"]
[SourceTitle "playchess.com"]
[Source "ChessBase"]
[SourceQuality "1"]
[WhiteTeam "Russia"]
[BlackTeam "Egypt"]
[WhiteTeamCountry "RUS"]
[BlackTeamCountry "EGY"]
[TimeControl "40/5400+30:1800+30"]

1. e4 c5 2. c3 g6 3. Nf3 Bg7 4. d4 cxd4 5. cxd4 d5 6. e5 Nh6 7. Bf4 Bg4 8. Bb5+ Nc6 9. Bxc6+ bxc6 10. Nbd2 Qb6 11. h3 Bxf3 12. Nxf3 Qxb2 13. O-O O-O 14. Rb1 Qxa2 15. Qc1 Nf5 16. g4 Qe2 17. Kg2 Nxd4 18. Nxd4 Qe4+ 19. Nf3 d4 20. Rb4 c5 21. Qxc5 Qxf4 22. Rxd4 Rac8 23. Qxe7 1-0

[Event "World Team-ch Women 2019"]
[Site "Astana"]
[Date "2019.03.07"]
[Round "3.4"]
[White "Ehab, Tasneem"]
[Black "Girya, Olga"]
[Result "0-1"]
[ECO "D00"]
[WhiteElo "1841"]
[BlackElo "2456"]
[Annotator "ChessBase"]
[PlyCount "84"]
[EventDate "2019.02.05"]
[EventType "team-tourn"]
[EventCountry "KAZ"]
[SourceTitle "playchess.com"]
[Source "ChessBase"]
[SourceQuality "1"]
[WhiteTeam "Egypt"]
[BlackTeam "Russia"]
[WhiteTeamCountry "EGY"]
[BlackTeamCountry "RUS"]
[TimeControl "40/5400+30:1800+30"]

1. d4 d5 2. Bf4 c5 3. e3 cxd4 4. exd4 Nc6 5. c3 Bf5 6. Nf3 e6 7. Bd3 Bxd3 8. Qxd3 Nge7 9. Nbd2 Ng6 10. Bg3 Bd6 11. Qe3 O-O 12. Ne5 Bxe5 13. Bxe5 Qb6 14. Bg3 Qxb2 15. Rb1 Qxa2 16. O-O Qa6 17. Ra1 Na5 18. Nb3 Nc4 19. Qe2 Qc6 20. Qc2 a5 21. Rfb1 Rfc8 22. Nc5 b6 23. Na4 b5 24. Nc5 e5 25. Qd1 f5 26. f3 e4 27. fxe4 dxe4 28. Qf1 Nd2 29. Qxf5 Nxb1 30. Rxb1 Re8 31. Qf1 e3 32. Qe2 a4 33. Rxb5 a3 34. Qa2+ Kh8 35. Rb1 e2 36. h4 Nf4 37. Bxf4 e1=Q+ 38. Rxe1 Rxe1+ 39. Kh2 Rae8 40. Qf7 R1e2 41. d5 Qxc5 42. h5 Qf2 0-1

[Event "World Team-ch Women 2019"]
[Site "Astana"]
[Date "2019.03.07"]
[Round "3.9"]
[White "Tan, Zhongyi"]
[Black "Abdumalik, Zhansaya"]
[Result "1/2-1/2"]
[ECO "D70"]
[WhiteElo "2513"]
[BlackElo "2469"]
[Annotator "RC"]
[PlyCount "97"]
[EventDate "2019.02.05"]
[EventType "team-tourn"]
[EventCountry "KAZ"]
[SourceTitle "playchess.com"]
[Source "ChessBase"]
[SourceQuality "1"]
[WhiteTeam "China"]
[BlackTeam "Kazakhstan"]
[WhiteTeamCountry "CHN"]
[BlackTeamCountry "KAZ"]
[TimeControl "40/5400+30:1800+30"]

1. d4 Nf6 2. c4 g6 3. Nf3 Bg7 4. g3 O-O 5. Bg2 c5 6. Nc3 cxd4 7. Nxd4 Qc7 8. b3 d5 9. Ndb5 Qa5 10. Bd2 dxc4 11. bxc4 Qd8 12. O-O a6 13. Na3 Nc6 14. Rb1 Be6 15. Qc1 Rc8 16. Rd1 Na5 17. Be3 Qe8 18. Bb6 Nxc4 19. Nxc4 Bxc4 20. Bxb7 Bxe2 21. Rd4 e5 22. Rd2 Bc4 23. Bxc8 Qxc8 24. Qd1 Be6 25. Rc1 Qb7 26. Bc5 Bg4 27. Qb3 Qxb3 28. axb3 Rc8 29. Be3 h5 30. Rd6 Be6 31. Na4 Rxc1+ 32. Bxc1 Bxb3 33. Rxa6 Bc4 34. Ra8+ Kh7 35. Nc5 Bd5 36. Rc8 Bf3 37. Bb2 Nd5 38. Nd7 f6 39. Rd8 g5 40. Nb8 Ne7 41. Ba3 Nf5 42. Nd7 Kg6 43. Bf8 Nd4 44. Bxg7 Kxg7 45. Nb6 g4 46. Nd5 Be4 47. Rd7+ Kg6 48. Ne7+ Kg5 49. Rd8 1/2-1/2

[Event "World Team-ch Women 2019"]
[Site "Astana"]
[Date "2019.03.07"]
[Round "3.10"]
[White "Saduakassova, Dinara"]
[Black "Shen, Yang"]
[Result "1-0"]
[ECO "C50"]
[WhiteElo "2462"]
[BlackElo "2453"]
[Annotator "ChessBase"]
[PlyCount "105"]
[EventDate "2019.02.05"]
[EventType "team-tourn"]
[EventCountry "KAZ"]
[SourceTitle "playchess.com"]
[Source "ChessBase"]
[SourceQuality "1"]
[WhiteTeam "Kazakhstan"]
[BlackTeam "China"]
[WhiteTeamCountry "KAZ"]
[BlackTeamCountry "CHN"]
[TimeControl "40/5400+30:1800+30"]

1. e4 e5 2. Nf3 Nc6 3. Bc4 Bc5 4. O-O Nf6 5. d3 a6 6. a4 O-O 7. h3 h6 8. Re1 d6 9. c3 Be6 10. Nbd2 Ba7 11. a5 Re8 12. Bxe6 Rxe6 13. Nf1 d5 14. Ng3 dxe4 15. dxe4 Qxd1 16. Rxd1 Rd6 17. Rd2 Rad8 18. Kf1 h5 19. Rxd6 Rxd6 20. Ke2 g6 21. b4 Ne8 22. Nf1 Rd7 23. Be3 f6 24. N3d2 Nd6 25. Bxa7 Nxa7 26. Ne3 Nab5 27. Rc1 c6 28. h4 Re7 29. Nec4 Nxc4 30. Nxc4 Kf7 31. Nb6 Ke8 32. Na4 Nc7 33. Rd1 Rd7 34. Rxd7 Kxd7 35. Nc5+ Kc8 36. Kd3 Nb5 37. f4 Nd6 38. Ne6 Nf7 39. f5 gxf5 40. exf5 Nd6 41. Ng7 Kd8 42. Nxh5 Nxf5 43. Nxf6 Nxh4 44. g3 Nf5 45. g4 Nd6 46. Ne4 Ne8 47. Kc4 Kc7 48. g5 b6 49. g6 Ng7 50. Nf6 Kb7 51. axb6 Ne6 52. Nd7 Ng7 53. Kd3 1-0

[Event "World Team-ch Women 2019"]
[Site "Astana"]
[Date "2019.03.07"]
[Round "3.11"]
[White "Lei, Tingjie"]
[Black "Assaubayeva, Bibisara"]
[Result "1-0"]
[ECO "E90"]
[WhiteElo "2477"]
[BlackElo "2376"]
[Annotator "ChessBase"]
[PlyCount "67"]
[EventDate "2019.02.05"]
[EventType "team-tourn"]
[EventCountry "KAZ"]
[SourceTitle "playchess.com"]
[Source "ChessBase"]
[SourceQuality "1"]
[WhiteTeam "China"]
[BlackTeam "Kazakhstan"]
[WhiteTeamCountry "CHN"]
[BlackTeamCountry "KAZ"]
[TimeControl "40/5400+30:1800+30"]

1. d4 Nf6 2. c4 g6 3. Nc3 Bg7 4. e4 d6 5. Nf3 O-O 6. h3 e5 7. d5 a5 8. g4 Na6 9. Be3 Nd7 10. a3 Nac5 11. Rg1 a4 12. Nd2 c6 13. Qc2 Qa5 14. O-O-O Nf6 15. Be2 cxd5 16. exd5 Bd7 17. g5 Bf5 18. Qxf5 Nfe4 19. Qxe4 Nxe4 20. Ndxe4 Rfd8 21. Nb5 Bf8 22. h4 Rac8 23. Kb1 Be7 24. h5 Kg7 25. Rdf1 Rd7 26. f4 Qa6 27. f5 gxf5 28. Rxf5 Bd8 29. h6+ Kh8 30. Rgf1 Kg8 31. Bh5 f6 32. Nxf6+ Bxf6 33. Rxf6 Rdd8 34. Bg4 1-0

[Event "World Team-ch Women 2019"]
[Site "Astana"]
[Date "2019.03.07"]
[Round "3.12"]
[White "Nakhbayeva, Guliskhan"]
[Black "Ding, Yixin"]
[Result "0-1"]
[ECO "D90"]
[WhiteElo "2295"]
[BlackElo "2432"]
[Annotator "NA"]
[PlyCount "68"]
[EventDate "2019.02.05"]
[EventType "team-tourn"]
[EventCountry "KAZ"]
[SourceTitle "playchess.com"]
[Source "ChessBase"]
[SourceQuality "1"]
[WhiteTeam "Kazakhstan"]
[BlackTeam "China"]
[WhiteTeamCountry "KAZ"]
[BlackTeamCountry "CHN"]
[TimeControl "40/5400+30:1800+30"]

1. d4 Nf6 2. c4 g6 3. Nc3 d5 4. Nf3 Bg7 5. h4 dxc4 6. e4 Bg4 7. Bxc4 O-O 8. Be3 c5 $14 9. dxc5 Qa5 10. O-O Nc6 11. Qc2 Bxf3 12. gxf3 Nd7 13. a3 Nd4 14. Bxd4 Bxd4 15. b4 Qc7 16. Kg2 Qf4 17. Nd5 Qxh4 18. Qd2 Bxa1 19. Rh1 Bc3 20. Qc1 Bb2 21. Qd2 Bc3 22. Nxc3 Qf6 23. Nd5 Qe5 24. Qh6 Qg7 25. Nxe7+ Kh8 26. Qe3 Ne5 27. Bb3 f5 28. Qg5 Rae8 29. Nd5 fxe4 30. fxe4 Nd3 31. Rf1 Qb2 32. Qe3 Qxb3 33. Qd4+ Ne5 34. f4 Qd3 0-1

[Event "World Team-ch Women 2019"]
[Site "Astana"]
[Date "2019.03.07"]
[Round "3.13"]
[White "Abrahamyan, Tatev"]
[Black "Khotenashvili, Bela"]
[Result "0-1"]
[ECO "B13"]
[WhiteElo "2377"]
[BlackElo "2474"]
[Annotator "ChessBase"]
[PlyCount "62"]
[EventDate "2019.02.05"]
[EventType "team-tourn"]
[EventCountry "KAZ"]
[SourceTitle "playchess.com"]
[Source "ChessBase"]
[SourceQuality "1"]
[WhiteTeam "United States"]
[BlackTeam "Georgia"]
[WhiteTeamCountry "USA"]
[BlackTeamCountry "GEO"]
[TimeControl "40/5400+30:1800+30"]

1. e4 c6 2. d4 d5 3. exd5 cxd5 4. Nf3 Nc6 5. Bb5 Qa5+ 6. Nc3 Bg4 7. h3 Bxf3 8. Qxf3 e6 9. O-O Nf6 10. Qg3 Rc8 11. Bd2 Qb6 12. Rae1 Qxd4 13. Bd3 Qc5 14. Kh1 a6 15. f4 Qd6 16. a3 g6 17. Qf2 Bg7 18. Ne2 O-O 19. Ng1 Ne4 20. Bxe4 dxe4 21. Rxe4 Bxb2 22. c3 Ne7 23. c4 Qxa3 24. Rb1 Bg7 25. Rxb7 Nf5 26. Nf3 Nd6 27. Re3 Qa2 28. Rd7 Nxc4 29. Re2 Qa4 30. Ra7 Nxd2 31. Rxd2 Qxf4 0-1

[Event "World Team-ch Women 2019"]
[Site "Astana"]
[Date "2019.03.07"]
[Round "3.14"]
[White "Javakhishvili, Lela"]
[Black "Nemcova, Katerina"]
[Result "1-0"]
[ECO "D37"]
[WhiteElo "2455"]
[BlackElo "2315"]
[Annotator "ChessBase"]
[PlyCount "75"]
[EventDate "2019.02.05"]
[EventType "team-tourn"]
[EventCountry "KAZ"]
[SourceTitle "playchess.com"]
[Source "ChessBase"]
[SourceQuality "1"]
[WhiteTeam "Georgia"]
[BlackTeam "United States"]
[WhiteTeamCountry "GEO"]
[BlackTeamCountry "USA"]
[TimeControl "40/5400+30:1800+30"]

1. d4 e6 2. c4 d5 3. Nf3 Nf6 4. Nc3 Be7 5. Bf4 O-O 6. e3 a6 7. cxd5 exd5 8. Bd3 c5 9. dxc5 Bxc5 10. O-O Nc6 11. Rc1 Bd6 12. Bg5 Be6 13. Bb1 Be7 14. Nd4 Nxd4 15. Qxd4 Rc8 16. Qd3 g6 17. Rfd1 Re8 18. Bc2 Bg4 19. f3 Be6 20. Bb3 Kg7 21. Bf4 Bf5 22. Qd2 Be6 23. Be5 Bd6 24. Bd4 Bc5 25. Bxc5 Rxc5 26. e4 d4 27. Bxe6 Rxe6 28. Qxd4 Qxd4+ 29. Rxd4 h5 30. h4 Rec6 31. Rcd1 b5 32. a4 Kf8 33. axb5 axb5 34. Rd8+ Ke7 35. Rb8 Rc8 36. Rb7+ R8c7 37. Rxc7+ Rxc7 38. e5 1-0

[Event "World Team-ch Women 2019"]
[Site "Astana"]
[Date "2019.03.07"]
[Round "3.16"]
[White "Melia, Salome"]
[Black "Wu, Rochelle"]
[Result "1-0"]
[ECO "B94"]
[WhiteElo "2385"]
[BlackElo "2120"]
[Annotator "NA"]
[PlyCount "73"]
[EventDate "2019.02.05"]
[EventType "team-tourn"]
[EventCountry "KAZ"]
[SourceTitle "playchess.com"]
[Source "ChessBase"]
[SourceQuality "1"]
[WhiteTeam "Georgia"]
[BlackTeam "United States"]
[WhiteTeamCountry "GEO"]
[BlackTeamCountry "USA"]
[TimeControl "40/5400+30:1800+30"]

1. e4 c5 2. Nf3 d6 3. d4 cxd4 4. Nxd4 Nf6 5. Nc3 a6 6. Bg5 Nbd7 7. Qe2 Qc7 8. O-O-O b5 9. Bxf6 gxf6 10. Nd5 Qb7 11. Qh5 Nc5 $18 12. Re1 Ne6 13. Nf5 Ng7 14. Qf3 Be6 15. Ndxe7 Nxf5 16. Nxf5 Rc8 17. Kb1 Qc7 18. c3 Qc5 19. Bd3 Rb8 20. Ne3 Qe5 21. Nd5 Be7 22. Qg3 Qxg3 23. hxg3 Bxd5 24. exd5 h6 25. Rh4 Rb7 26. a4 Kd7 27. axb5 axb5 28. Rb4 Rhb8 29. Bf5+ Kd8 30. Rg4 Bf8 31. Rb4 Kc7 32. Bd3 Kd8 33. Kc2 Kd7 34. Ra1 Be7 35. Ra5 Bd8 36. Raxb5 Rxb5 37. Bxb5+ 1-0

[Event "World Team-ch Women 2019"]
[Site "Astana"]
[Date "2019.03.07"]
[Round "3.17"]
[White "Karavade, Eesha"]
[Black "Danielian, Elina"]
[Result "1/2-1/2"]
[ECO "C08"]
[WhiteElo "2357"]
[BlackElo "2402"]
[Annotator "NA"]
[PlyCount "92"]
[EventDate "2019.02.05"]
[EventType "team-tourn"]
[EventCountry "KAZ"]
[SourceTitle "playchess.com"]
[Source "ChessBase"]
[SourceQuality "1"]
[WhiteTeam "India"]
[BlackTeam "Armenia"]
[WhiteTeamCountry "IND"]
[BlackTeamCountry "ARM"]
[TimeControl "40/5400+30:1800+30"]

1. e4 e6 2. d4 d5 3. Nd2 c5 4. exd5 exd5 5. Ngf3 Nf6 6. Bb5+ Bd7 7. Bxd7+ Nbxd7 8. O-O Be7 9. dxc5 Nxc5 10. Nb3 Nce4 11. Nfd4 Qd7 12. f3 Nd6 13. Nc5 Qc8 14. Nd3 O-O 15. Re1 Re8 16. Bg5 Qc7 17. c3 Nc4 18. Nf5 Bd8 19. Qa4 Re6 20. Nd4 Rxe1+ 21. Rxe1 h6 22. Bf4 Qc8 23. b3 Na5 24. Bd2 Bb6 25. Kh1 Nc6 26. Nxc6 bxc6 27. Ne5 c5 28. c4 d4 29. Qc6 Qxc6 30. Nxc6 Kf8 31. Kg1 Rc8 32. Ne5 Bc7 33. Nd3 Bd6 34. Kf2 Rc6 35. Re2 Nd7 36. h3 h5 37. g4 hxg4 38. hxg4 f6 39. f4 Kf7 40. Kf3 Rc8 41. Be1 Rh8 42. Kg2 g5 43. fxg5 Rh2+ 44. Kf1 Rh1+ 45. Kg2 Rh2+ 46. Kf1 Rh1+ 1/2-1/2

[Event "World Team-ch Women 2019"]
[Site "Astana"]
[Date "2019.03.07"]
[Round "3.18"]
[White "Mkrtchian, Lilit"]
[Black "Soumya, Swaminathan"]
[Result "1-0"]
[ECO "D71"]
[WhiteElo "2390"]
[BlackElo "2401"]
[Annotator "ChessBase"]
[PlyCount "105"]
[EventDate "2019.02.05"]
[EventType "team-tourn"]
[EventCountry "KAZ"]
[SourceTitle "playchess.com"]
[Source "ChessBase"]
[SourceQuality "1"]
[WhiteTeam "Armenia"]
[BlackTeam "India"]
[WhiteTeamCountry "ARM"]
[BlackTeamCountry "IND"]
[TimeControl "40/5400+30:1800+30"]

1. d4 Nf6 2. c4 g6 3. g3 Bg7 4. Bg2 c5 5. Nf3 O-O 6. Nc3 cxd4 7. Nxd4 Nc6 8. O-O Nxd4 9. Qxd4 d6 10. Qd3 a6 11. Bg5 Rb8 12. a4 Be6 13. b3 Re8 14. Rac1 Qa5 15. Qd2 Qb4 16. Qc2 Rec8 17. Bd2 Qc5 18. Qd1 Qh5 19. e4 Qxd1 20. Rfxd1 Nd7 21. Nd5 Bxd5 22. cxd5 Nc5 23. Rb1 b5 24. axb5 axb5 25. Rdc1 Nd3 26. Rxc8+ Rxc8 27. Bf1 Ne5 28. Rc1 Rxc1 29. Bxc1 b4 30. Bb5 Nf3+ 31. Kg2 Nd4 32. Bc4 e6 33. dxe6 Nxe6 34. f3 Kf8 35. Kf2 Bc3 36. Ke3 Nc5 37. Ke2 Ke7 38. Bf4 h5 39. Bg5+ f6 40. Be3 Kf8 41. Bd5 Bb2 42. Bd2 Ba3 43. Ke3 Nd7 44. f4 Nb6 45. Bc6 Ke7 46. Kd3 Kd8 47. Be3 Nd7 48. Bxd7 Kxd7 49. f5 gxf5 50. exf5 Kc6 51. Bd4 Kd5 52. Bxf6 Bc1 53. h3 1-0

[Event "World Team-ch Women 2019"]
[Site "Astana"]
[Date "2019.03.07"]
[Round "3.19"]
[White "Padmini, Rout"]
[Black "Sargsyan, Anna M."]
[Result "1-0"]
[ECO "B11"]
[WhiteElo "2332"]
[BlackElo "2340"]
[Annotator "NA"]
[PlyCount "105"]
[EventDate "2019.02.05"]
[EventType "team-tourn"]
[EventCountry "KAZ"]
[SourceTitle "playchess.com"]
[Source "ChessBase"]
[SourceQuality "1"]
[WhiteTeam "India"]
[BlackTeam "Armenia"]
[WhiteTeamCountry "IND"]
[BlackTeamCountry "ARM"]
[TimeControl "40/5400+30:1800+30"]

1. e4 c6 2. Nc3 d5 3. Nf3 Bg4 4. Be2 Nf6 5. h3 Bxf3 6. Bxf3 d4 7. Ne2 e5 8. d3 h6 9. O-O Qd7 10. Ng3 g6 11. Be2 Bd6 12. f4 c5 $14 13. fxe5 Bxe5 14. Bf4 Qd6 15. Bxe5 Qxe5 16. Rf3 Nc6 17. Qd2 Nd7 18. Raf1 Qd6 19. Bd1 Nce5 20. R3f2 O-O-O 21. Ne2 Kb8 22. a3 c4 23. Nc1 h5 24. Be2 Nc5 25. Qf4 Ne6 26. Qd2 Qc6 27. dxc4 Qxe4 28. Bd3 Qh4 29. Qe1 Qg5 30. Re2 Nxd3 31. Nxd3 Rhf8 32. Re5 Qe7 33. Nf4 Rfe8 34. Nd5 Qf8 35. Qg3 h4 36. Qxh4 Qd6 37. Rfe1 a6 38. b4 Qc6 39. Qf2 Rf8 40. Nf6 Nc7 41. Nh7 Rh8 42. Rc5 Qd7 43. Nf6 Qd6 44. Ne4 Qd7 45. Re5 Qa4 46. Re7 f5 47. Nc5 Qc6 48. Qg3 Rd6 49. Nd3 Rc8 50. a4 Rdd8 51. b5 axb5 52. axb5 Qd6 53. Qg5 1-0

[Event "World Team-ch Women 2019"]
[Site "Astana"]
[Date "2019.03.07"]
[Round "3.20"]
[White "Gevorgyan, Maria"]
[Black "Kulkarni Bhakti"]
[Result "0-1"]
[ECO "B10"]
[WhiteElo "2264"]
[BlackElo "2322"]
[Annotator "NA"]
[PlyCount "80"]
[EventDate "2019.02.05"]
[EventType "team-tourn"]
[EventCountry "KAZ"]
[SourceTitle "playchess.com"]
[Source "ChessBase"]
[SourceQuality "1"]
[WhiteTeam "Armenia"]
[BlackTeam "India"]
[WhiteTeamCountry "ARM"]
[BlackTeamCountry "IND"]
[TimeControl "40/5400+30:1800+30"]

1. e4 c6 2. Nc3 d5 3. Nf3 dxe4 4. Nxe4 Nf6 5. Nxf6+ exf6 6. d4 Bd6 7. Bd3 O-O 8. Be3 Qc7 9. Qd2 Be6 10. c3 Nd7 11. Qc2 h6 12. h3 c5 13. O-O-O Nb6 14. Kb1 c4 15. Be4 Nd5 16. Nh4 Rfe8 17. Qe2 Bf8 18. Qf3 Rad8 19. Bd2 b5 20. Nf5 b4 21. cxb4 Nxb4 22. Nxg7 c3 23. Nxe6 c2+ 24. Bxc2 Qxc2+ 25. Ka1 Rxe6 26. Bxb4 Bxb4 27. d5 Rb6 28. Rc1 Qg6 29. Rc4 f5 30. Kb1 f4+ 31. Ka1 Bd6 32. Qe2 Rdb8 33. Rc2 Qg7 34. Kb1 Be5 35. b3 a5 36. Qe4 Rb4 37. Qf5 a4 38. Rhc1 Qg6 39. Qxe5 axb3 40. axb3 Rxb3+ 0-1

[Event "World Team-ch Women 2019"]
[Site "Astana"]
[Date "2019.03.08"]
[Round "4.6"]
[White "Huang, Qian"]
[Black "Mkrtchian, Lilit"]
[Result "1/2-1/2"]
[ECO "A40"]
[WhiteElo "2441"]
[BlackElo "2390"]
[Annotator "NA"]
[PlyCount "85"]
[EventDate "2019.02.05"]
[EventType "team-tourn"]
[EventCountry "KAZ"]
[SourceTitle "playchess.com"]
[Source "ChessBase"]
[SourceQuality "1"]
[WhiteTeam "China"]
[BlackTeam "Armenia"]
[WhiteTeamCountry "CHN"]
[BlackTeamCountry "ARM"]
[TimeControl "40/5400+30:1800+30"]

1. d4 e6 2. c4 b6 3. Nf3 Bb7 4. g3 Bb4+ 5. Nc3 Bxc3+ 6. bxc3 Nf6 7. Bg2 O-O 8. O-O Re8 9. Re1 d6 10. Nd2 Bxg2 11. Kxg2 e5 12. e4 Nc6 13. Bb2 Na5 14. Qa4 Qd7 15. Qxd7 Nxd7 16. f3 c5 17. d5 Rf8 18. Kf2 g6 19. Ke2 f5 20. Rf1 Rf7 21. Rf2 Raf8 22. Raf1 Nf6 23. Bc1 Kg7 24. Kd3 Nd7 25. Ke2 h5 26. h4 Rb8 27. Kd3 Rbf8 28. Ke2 Rb8 29. Kd3 a6 30. a4 Rbf8 31. Ke2 Nf6 32. Kd3 Nd7 33. Ke2 Rb8 34. Kd3 Rbf8 35. Ke2 Nf6 36. Kd3 fxe4+ 37. fxe4 Ng4 38. Rxf7+ Rxf7 39. Rxf7+ Kxf7 40. Ke2 Ke8 41. Kd3 Nf2+ 42. Ke2 Ng4 43. Kd3 1/2-1/2

[Event "World Team-ch Women 2019"]
[Site "Astana"]
[Date "2019.03.08"]
[Round "4.7"]
[White "Sargsyan, Anna M."]
[Black "Lei, Tingjie"]
[Result "1/2-1/2"]
[ECO "D78"]
[WhiteElo "2340"]
[BlackElo "2477"]
[Annotator "RC"]
[PlyCount "85"]
[EventDate "2019.02.05"]
[EventType "team-tourn"]
[EventCountry "KAZ"]
[SourceTitle "playchess.com"]
[Source "ChessBase"]
[SourceQuality "1"]
[WhiteTeam "Armenia"]
[BlackTeam "China"]
[WhiteTeamCountry "ARM"]
[BlackTeamCountry "CHN"]
[TimeControl "40/5400+30:1800+30"]

1. d4 Nf6 2. c4 g6 3. g3 c6 4. Bg2 d5 5. Nf3 Bg7 6. O-O O-O 7. Qb3 Qb6 8. Nc3 Rd8 9. Rd1 Bf5 10. Ne1 dxc4 11. Qxc4 Na6 12. e4 Be6 13. Qa4 Bg4 14. Bf3 Rac8 15. Kg2 c5 16. d5 c4 17. Qc2 Bxf3+ 18. Nxf3 Nb4 19. Qe2 Nd3 20. Ne1 Nxc1 21. Raxc1 e6 22. Nf3 exd5 23. e5 Re8 24. Nxd5 Nxd5 25. Rxd5 Qc6 26. Rcd1 c3 27. bxc3 Qxc3 28. Qb5 Qc6 29. Qxc6 bxc6 30. Rc5 Bf8 31. Rc4 c5 32. Rd7 a6 33. Ra7 Re6 34. h4 h6 35. g4 Rb8 36. Ra4 Rb4 37. R7xa6 Rxa6 38. Rxa6 Rxg4+ 39. Kf1 Re4 40. Ra8 Kg7 41. Ra7 Kg8 42. Ra8 Kg7 43. Ra7 1/2-1/2

[Event "World Team-ch Women 2019"]
[Site "Astana"]
[Date "2019.03.08"]
[Round "4.13"]
[White "Abdumalik, Zhansaya"]
[Black "Abrahamyan, Tatev"]
[Result "1-0"]
[ECO "C19"]
[WhiteElo "2469"]
[BlackElo "2377"]
[Annotator "RC"]
[PlyCount "99"]
[EventDate "2019.02.05"]
[EventType "team-tourn"]
[EventCountry "KAZ"]
[SourceTitle "playchess.com"]
[Source "ChessBase"]
[SourceQuality "1"]
[WhiteTeam "Kazakhstan"]
[BlackTeam "United States"]
[WhiteTeamCountry "KAZ"]
[BlackTeamCountry "USA"]
[TimeControl "40/5400+30:1800+30"]

1. e4 e6 2. d4 d5 3. Nc3 Bb4 4. e5 c5 5. a3 Bxc3+ 6. bxc3 Ne7 7. a4 Qc7 8. Nf3 b6 9. Bb5+ Bd7 10. Bd3 Nbc6 11. O-O h6 12. Ba3 Na5 13. Re1 O-O 14. Nh4 f5 15. exf6 Rxf6 16. Bc1 Raf8 17. f4 Be8 18. g3 Nc4 19. Qg4 Nf5 20. Nf3 Ncd6 21. Qh3 Ne4 22. Ra3 Nfd6 23. Ne5 c4 24. Be2 b5 25. Bg4 Bd7 26. axb5 Nxb5 27. Ra6 Qc8 28. Ra5 Bc6 29. Ba3 Nxa3 30. Rxa3 a6 31. Rea1 Bb5 32. Bh5 Rd8 33. Bf3 Nd6 34. Re1 Rdf8 35. Bh5 Rd8 36. Raa1 Ne4 37. Re3 Qc7 38. Bf3 Nd6 39. Ng4 Rg6 40. Rae1 Ne4 41. Bxe4 dxe4 42. Ne5 Rf6 43. Rxe4 Qa5 44. R4e3 Qa2 45. Qg2 Qb2 46. Ng4 Rf5 47. Qe4 Rd6 48. Ne5 Rf8 49. g4 a5 50. Rh3 1-0

[Event "World Team-ch Women 2019"]
[Site "Astana"]
[Date "2019.03.08"]
[Round "4.14"]
[White "Nemcova, Katerina"]
[Black "Saduakassova, Dinara"]
[Result "1-0"]
[ECO "A47"]
[WhiteElo "2315"]
[BlackElo "2462"]
[Annotator "ChessBase"]
[PlyCount "81"]
[EventDate "2019.02.05"]
[EventType "team-tourn"]
[EventCountry "KAZ"]
[SourceTitle "playchess.com"]
[Source "ChessBase"]
[SourceQuality "1"]
[WhiteTeam "United States"]
[BlackTeam "Kazakhstan"]
[WhiteTeamCountry "USA"]
[BlackTeamCountry "KAZ"]
[TimeControl "40/5400+30:1800+30"]

1. d4 Nf6 2. Nf3 b6 3. Bf4 Bb7 4. e3 g6 5. Be2 Bg7 6. c4 O-O 7. Nc3 d6 8. Qc2 Nbd7 9. Rd1 Qe8 10. Nb5 Qc8 11. h3 e5 12. Bh2 Nh5 13. O-O h6 14. b4 a6 15. Nc3 Re8 16. dxe5 dxe5 17. Nd5 Nhf6 18. Nxf6+ Bxf6 19. c5 bxc5 20. bxc5 Bc6 21. Bc4 Nf8 22. Bd5 Bxd5 23. Rxd5 e4 24. Nd4 Ne6 25. c6 Re7 26. Nb3 Qe8 27. Rfd1 Nf8 28. Na5 Be5 29. Bxe5 Rxe5 30. Nb7 Re6 31. Rd7 Rc8 32. Qc4 Rf6 33. R1d5 Qe6 34. Nd8 Qe8 35. Qd4 Rd6 36. Nxf7 Nxd7 37. Nxd6 cxd6 38. cxd7 Qxd7 39. Rxd6 Rc1+ 40. Kh2 Qc7 41. g3 1-0

[Event "World Team-ch Women 2019"]
[Site "Astana"]
[Date "2019.03.08"]
[Round "4.15"]
[White "Assaubayeva, Bibisara"]
[Black "Yip, Carissa"]
[Result "1-0"]
[ECO "A05"]
[WhiteElo "2376"]
[BlackElo "2279"]
[Annotator "NA"]
[PlyCount "73"]
[EventDate "2019.02.05"]
[EventType "team-tourn"]
[EventCountry "KAZ"]
[SourceTitle "playchess.com"]
[Source "ChessBase"]
[SourceQuality "1"]
[WhiteTeam "Kazakhstan"]
[BlackTeam "United States"]
[WhiteTeamCountry "KAZ"]
[BlackTeamCountry "USA"]
[TimeControl "40/5400+30:1800+30"]

1. Nf3 Nf6 2. c4 g6 3. Nc3 Bg7 4. e4 d6 5. d4 O-O 6. h3 e5 7. d5 a5 8. g4 Na6 9. Be3 Nd7 10. a3 Nac5 11. Rg1 a4 12. Nd2 Kh8 13. Qc2 Nb6 14. O-O-O Bd7 15. Kb1 Ra5 16. Be2 c6 17. h4 cxd5 18. exd5 Qxh4 19. Nde4 Qe7 20. Nxc5 dxc5 21. Ne4 Rc8 22. Qc3 Raa8 23. Nxc5 e4 24. Bd4 f6 25. Qb4 Qd6 26. g5 Rf8 27. Ne6 Qxb4 28. axb4 Bxe6 29. dxe6 Nc8 30. gxf6 Rxf6 31. Bxf6 Bxf6 32. Rd7 a3 33. Rf7 Be5 34. Rf8+ Kg7 35. e7 axb2 36. e8=Q Ra1+ 37. Kc2 1-0

[Event "World Team-ch Women 2019"]
[Site "Astana"]
[Date "2019.03.08"]
[Round "4.16"]
[White "Foisor, Sabina-Francesca"]
[Black "Dauletova, Gulmira"]
[Result "1/2-1/2"]
[ECO "D38"]
[WhiteElo "2276"]
[BlackElo "2263"]
[Annotator "NA"]
[PlyCount "120"]
[EventDate "2019.02.05"]
[EventType "team-tourn"]
[EventCountry "KAZ"]
[SourceTitle "playchess.com"]
[Source "ChessBase"]
[SourceQuality "1"]
[WhiteTeam "United States"]
[BlackTeam "Kazakhstan"]
[WhiteTeamCountry "USA"]
[BlackTeamCountry "KAZ"]
[TimeControl "40/5400+30:1800+30"]

1. d4 Nf6 2. c4 e6 3. Nf3 d5 4. Nc3 Bb4 5. cxd5 exd5 6. Bg5 h6 7. Bxf6 Qxf6 8. Qa4+ Nc6 9. e3 O-O 10. Be2 Be6 11. O-O a6 12. Rfc1 Bd6 13. Qd1 Rfd8 14. Na4 Ne7 15. Nc5 Bc8 16. b4 g5 17. a4 Ng6 18. Nd3 Bf5 19. b5 a5 20. Nc5 Bc8 21. Ne1 h5 22. Bxh5 Kg7 23. g3 Rh8 24. Qf3 b6 25. Qxf6+ Kxf6 26. Bxg6 Kxg6 27. Ncd3 f6 28. Ra2 Bf5 29. f3 Rh7 30. g4 Bd7 31. Rg2 Re8 32. Kf2 Reh8 33. e4 dxe4 34. fxe4 Rxh2 35. e5 fxe5 36. dxe5 Bc5+ 37. Nxc5 bxc5 38. Rxh2 Rxh2+ 39. Ng2 Rh3 40. Rxc5 Bxg4 41. Rc6+ Kf7 42. Ne3 Rf3+ 43. Ke2 Rf4+ 44. Kd3 Rxa4 45. Rxc7+ Ke6 46. b6 Bf3 47. Nc4 Rb4 48. Kc3 Bd5 49. Ne3 Rxb6 50. Nxd5 Kxd5 51. Rg7 a4 52. Rxg5 Rb3+ 53. Kc2 Re3 54. Kb2 Kc4 55. Rg4+ Kb5 56. Rg5 Re2+ 57. Ka3 Re3+ 58. Ka2 Kb4 59. Rg4+ Kb5 60. Rg5 Kb4 1/2-1/2